 Dungeon Crawl Stone Soup version 0.27-a0-93-g19769c27d7 (webtiles) character file.

Game seed: 5558596200711962171

78 dmks the Magician (level 4, -2/32 HPs)
             Began as a Gnoll Hedge Wizard on Jan 16, 2021.
             Hit by a stone thrown by a gnoll (3 damage)
             ... on level 3 of the Dungeon.
             The game lasted 00:03:39 (2545 turns).

dmks the Magician (Gnoll Hedge Wizard)              Turns: 2545, Time: 00:03:40

Health: -2/32      AC:  2    Str: 12    XL:     4   Next: 36%
Magic:  2/13       EV: 14    Int: 18    God:
Gold:   85         SH:  0    Dex: 14    Spells: 14/17 levels left

rFire    . . .     SeeInvis .   a - +0 dagger
rCold    . . .     Faith    .   (no shield)
rNeg     . . .     Spirit   .   b - +0 robe
rPois    .         Reflect  .   c - +0 hat
rElec    .         Harm     .   (no cloak)
rCorr    .         Rampage  .   (no gloves)
Will     .....                  (no boots)
Stlth    +++.......             (no amulet)
HPRegen  0.10/turn              (no ring)
MPRegen  0.13/turn              (no ring)

@: no status effects
A: distributed training, fangs 1, strong nose
a: no special abilities


You were on level 3 of the Dungeon.
You visited 1 branch of the dungeon, and saw 3 of its levels.

You collected 85 gold pieces.

Inventory:

Hand Weapons
 a - a +0 dagger (weapon)
Armour
 b - a +0 robe (worn)
 c - a +0 hat (worn)
Scrolls
 d - a scroll of immolation {unknown}
 f - a scroll of magic mapping {unknown}
 i - a scroll of teleportation {unknown}
 m - 3 scrolls of remove curse {unknown}
 n - 3 scrolls of identify {unknown}
 q - 2 scrolls of random uselessness {unknown}
Potions
 e - 3 potions of heal wounds {unknown}
 g - a potion of flight {unknown}
 h - 2 potions of cancellation {unknown}
 j - 2 potions of invisibility {unknown}
 k - a potion of might {unknown}
 l - a potion of curing {unknown}
 o - 2 potions of haste {unknown}
 p - a potion of degeneration {unknown}


   Skills:
 + Level 1.1 Fighting
 + Level 1.1 Short Blades
 + Level 1.1 Long Blades
 + Level 1.1 Axes
 + Level 1.1 Maces & Flails
 + Level 1.1 Polearms
 + Level 1.1 Staves
 + Level 1.1 Slings
 + Level 1.1 Bows
 + Level 1.1 Crossbows
 + Level 1.1 Throwing
 + Level 1.1 Armour
 + Level 4.6 Dodging
 + Level 4.2 Stealth
 + Level 1.1 Shields
 + Level 1.1 Unarmed Combat
 + Level 7.2 Spellcasting
 + Level 2.2 Conjurations
 + Level 0.8 Hexes
 + Level 2.2 Summonings
 + Level 0.8 Necromancy
 + Level 2.2 Translocations
 + Level 0.8 Transmutations
 + Level 0.8 Fire Magic
 + Level 0.8 Ice Magic
 + Level 0.8 Air Magic
 + Level 0.8 Earth Magic
 + Level 0.8 Poison Magic
 + Level 1.2 Invocations
 + Level 1.1 Evocations


You had 14 spell levels left.
You knew the following spells:

 Your Spells              Type           Power        Failure   Level
a - Magic Dart            Conj           56%          4%          1
x - Call Imp              Summ           14%          6%          2

Your spell library contained the following spells:

 Spells                   Type           Power        Failure   Level
 Blink                    Tloc           N/A          6%          2
 Slow                     Hex            9%           11%         2
 Conjure Flame            Conj/Fire      12%          17%         3
 Mephitic Cloud           Conj/Pois/Air  11%          19%         3


Dungeon Overview and Level Annotations

Branches:
Dungeon (3/15)

Altars:


Innate Abilities, Weirdness & Mutations

Your experience applies equally to all skills.
You have very sharp teeth.
Your uncanny sense of smell can sniff out nearby items.


Message History

The magic dart hits the gnoll.
The gnoll closely misses you.
Aim: a gnoll, wielding a +0 spear (heavily wounded, 0% to evade)
The magic dart hits the gnoll.
The gnoll closely misses you.
Aim: a gnoll, wielding a +0 spear (severely wounded, 0% to evade)
The magic dart hits the gnoll.
The gnoll hits you from afar with a +0 spear!
Aim: a gnoll, wielding a +0 spear (almost dead, 0% to evade)
The magic dart hits the gnoll but does no damage.
The gnoll hits you from afar with a +0 spear.
Aim: a gnoll, wielding a +0 spear (almost dead, 0% to evade)
The magic dart hits the gnoll.
You kill the gnoll!
Aim: a jackal (0% to evade)
The magic dart hits the jackal.
The jackal misses you.
Your magical contamination has completely faded away.
Aim: a jackal (moderately wounded, 0% to evade)
The magic dart hits the jackal but does no damage.
The jackal closely misses you.
You barely miss the jackal. The jackal closely misses you.
You closely miss the jackal. Your bite misses the jackal.
The jackal barely misses you. The jackal closely misses you.
You closely miss the jackal.
The jackal stops to sniff the ground.
The jackal bites you.
You hit the jackal. The jackal barely misses you.
You hit the jackal but do no damage. The jackal misses you.
The jackal bites you but does no damage.
You hit the jackal.
You kill the jackal!
You start resting.
A gnoll comes into view. It is wielding a +0 flail.
Aim: a gnoll, wielding a +0 flail and quivering 26 stones (wandering, hasn't noticed you, 0% to evade)
The magic dart hits the gnoll.
The gnoll shouts!
You hear a bark!
The gnoll throws a stone.
The stone closely misses you.
Aim: a gnoll, wielding a +0 flail and quivering 25 stones (lightly wounded, 0% to evade)
The magic dart hits the gnoll.
The gnoll throws a stone.
The stone hits you but does no damage.
Aim: a gnoll, wielding a +0 flail and quivering 24 stones (heavily wounded, 0% to evade)
The magic dart hits the gnoll but does no damage.
The gnoll throws a stone.
The stone hits you.
* * * LOW HITPOINT WARNING * * *
The gnoll throws a stone.
The stone hits you!
* * * LOW HITPOINT WARNING * * *
You see here a stone.
The gnoll throws a stone.
The stone hits you!
* * * LOW HITPOINT WARNING * * *
You see here a stone.
The gnoll throws a stone.
The stone hits you.
You die...

##.##.#..###.# ..
#...#.#..# #.. >#
#....... ### #
####...#.## #######
.####.....(...# #.....#
.........<.†..###.....#
......................#
......#.....#.###†....#
.#.## #..@.###.##.....#
##....# #########
##.##.# #.# ## #.#
#g###### #.(((g.#
######)# .>.


You could see a gnoll.

Vanquished Creatures
  An adder (D:2)
  A gnoll (D:3)
  An ooze (D:1)
  A dart slug (D:2)
  2 leopard geckos
  6 bats
  2 giant cockroaches
  5 goblins
  4 hobgoblins
  5 jackals
  2 frilled lizards (D:1)
  9 kobolds
  6 rats
45 creatures vanquished.

Vanquished Creatures (collateral kills)
  2 kobolds (D:1)
2 creatures vanquished.

Grand Total: 47 creatures vanquished

Notes
Turn   | Place    | Note
-------+----------+-------------------------------------------
     0 | D:1      | dmks the Gnoll Hedge Wizard began the quest for the Orb.
     0 | D:1      | Reached XP level 1. HP: 13/13 MP: 8/8
   144 | D:1      | Reached XP level 2. HP: 19/19 MP: 6/10
   265 | D:1      | Learned a level 2 spell: Call Imp
   837 | D:1      | Reached XP level 3. HP: 25/25 MP: 8/11
  1688 | D:2      | Reached skill level 1 in Invocations
  2205 | D:2      | Reached skill level 1 in Fighting
  2205 | D:2      | Reached skill level 1 in Short Blades
  2205 | D:2      | Reached skill level 1 in Long Blades
  2205 | D:2      | Reached skill level 1 in Axes
  2205 | D:2      | Reached skill level 1 in Maces & Flails
  2205 | D:2      | Reached skill level 1 in Polearms
  2205 | D:2      | Reached skill level 1 in Staves
  2205 | D:2      | Reached skill level 1 in Slings
  2205 | D:2      | Reached skill level 1 in Bows
  2205 | D:2      | Reached skill level 1 in Crossbows
  2205 | D:2      | Reached skill level 1 in Throwing
  2205 | D:2      | Reached skill level 1 in Armour
  2205 | D:2      | Reached skill level 1 in Shields
  2205 | D:2      | Reached skill level 1 in Unarmed Combat
  2205 | D:2      | Reached skill level 1 in Evocations
  2205 | D:2      | Reached XP level 4. HP: 29/32 MP: 5/13
  2426 | D:3      | Noticed an ogre
  2539 | D:3      | HP: 1/32 [gnoll/stone (8)]
  2545 | D:3      | Hit by a stone thrown by a gnoll

Illustrated notes

Levels and vault maps discovered:
D:1:      minmay_arrival_wavy_path, layout_basic, serial_co_window_serial,
          co_window_corner_a, co_window_of_opportunity_a, co_window_paths_a,
          co_window_paths_a, co_window_paths_a, co_window_paths_b,
          co_window_corner_a, co_window_of_opportunity_a, co_window_paths_a,
          co_window_unsneaky_path_e, co_window_2corner, co_window_corner_b,
          co_window_broadway_c, co_window_broadway_a, glass_columns_a,
          glass_columns_c, glass_columns_b, glass_columns_b
D:2:      layout_basic, nrook_campfire
D:3:      lemuel_castle_with_subvaults [lemuel_castle_interior_carwin_3],
          layout_loops_cross, old_standard_altar, minmay_ruptured, uniq_jessica

Skill      XL: |  1  2  3 |
---------------+----------+-----
Conjurations   | 2 |  2.2
Summonings     | 2 |  2.2
Translocations | 2 |  2.2
Invocations    | 1 |  1.2
Fighting       | 1 |  1.1
Short Blades   | 1 |  1.1
Long Blades    | 1 |  1.1
Axes           | 1 |  1.1
Maces & Flails | 1 |  1.1
Polearms       | 1 |  1.1
Staves         | 1 |  1.1
Slings         | 1 |  1.1
Bows           | 1 |  1.1
Crossbows      | 1 |  1.1
Throwing       | 1 |  1.1
Armour         | 1 |  1.1
Shields        | 1 |  1.1
Unarmed Combat | 1 |  1.1
Evocations     | 1 |  1.1
Dodging        | |  4.6
Stealth        | |  4.2
Spellcasting   | |  7.2
Hexes          | |  0.8
Necromancy     | |  0.8
Transmutations | |  0.8
Fire Magic     | |  0.8
Ice Magic      | |  0.8
Air Magic      | |  0.8
Earth Magic    | |  0.8
Poison Magic   | |  0.8

Action                   |  1- 3 |  4- 6 || total
-------------------------+-------+-------++-------
Melee: Dagger            |       |     6 ||     6
 Cast: Magic Dart        |    83 |    25 ||   108
       Call Imp          |     2 |       ||     2
Armor: Robe              |     1 |     1 ||     2
Dodge: Dodged            |     9 |    12 ||    21

Table legend: (Time is in decaauts)
 A = Elapsed time spent in this place.
 B = Non-inter-level travel time spent in this place.
 C = Inter-level travel time spent in this place.
 D = Time resting spent in this place.
 E = Time spent auto-exploring this place.
 F = Levels seen in this place.
 G = Mean time per level.
                   A        B        C        D        E       F      G
               +--------+--------+--------+--------+--------+-----+--------+
         Total |   2545 |   2486 |     59 |      7 |   2153 |   3 |  848.3 |
       Dungeon |   2545 |   2486 |     59 |      7 |   2153 |   3 |  848.3 |
               +--------+--------+--------+--------+--------+-----+--------+

Top non-repeatable levels by time:
     D:1: 1574 daAuts
     D:2: 893 daAuts
     D:3: 77 daAuts
